 Dungeon Crawl Stone Soup version 0.31-a0-196-g86fe4a5e66 (webtiles) character file.

Game seed: 1254489204345064998

50 pokeman the Magician (level 3, -4/20 HPs)
             Began as a Deep Elf Hedge Wizard on June 24, 2023.
             Slain by Terence
             ... wielding a +2 mace of protection
              (11 damage)
             ... on level 2 of the Dungeon.
             The game lasted 00:02:42 (1695 turns).

pokeman the Magician (Deep Elf Hedge Wizard)        Turns: 1695, Time: 00:02:42

Health: -4/20      AC:  3    Str:  7    XL:     3   Next: 55%
Magic:  0/11       EV: 12    Int: 20    God:
Gold:   67         SH:  0    Dex: 14    Spells: 4/12 levels left

rFire   . . .        a - +0 dagger
rCold   + . .        (no shield)
rNeg    . . .        b - +0 robe
rPois   +            c - +0 hat
rElec   .            (no cloak)
rCorr   .            j - +0 pair of gloves
SInv    .            (no boots)
Will    .....        (no amulet)
Stlth   ++           e - ring of poison resistance
HPRegen 0.23/turn    l - ring of protection from cold
MPRegen 0.12/turn

%: no passive effects
@: very slightly contaminated
A: no striking features
a: no special abilities


You were on level 2 of the Dungeon.
You visited 1 branch of the dungeon, and saw 2 of its levels.

You collected 67 gold pieces.

Inventory:

Hand Weapons
 a - a +0 dagger (weapon)
Armour
 b - a +0 robe (worn)
 c - a +0 hat (worn)
 j - a +0 pair of gloves (worn)
Jewellery
 e - a ring of poison resistance (left hand)
 l - a ring of protection from cold (right hand)
Scrolls
 f - 3 scrolls of identify {unknown}
 g - 2 scrolls of immolation {unknown}
 i - a scroll of enchant weapon {unknown}
 k - a scroll of teleportation {unknown}
Potions
 d - a potion of magic
 h - a potion of curing {unknown}


   Skills:
 - Level 1.0 Fighting
 - Level 1.0 Armour
 + Level 2.4 Dodging
 + Level 2.4 Stealth
 * Level 5.2 Spellcasting
 + Level 2.0 Conjurations
 - Level 1.1 Summonings
 - Level 1.1 Translocations


You had 4 spell levels left.
You knew the following spells:

 Your Spells              Type           Power      Damage    Failure   Level
a - Magic Dart            Conj           52%        1d5       4%          1
b - Mephitic Cloud        Conj/Pois/Air  7%         N/A       26%         3
c - Call Imp              Summ           18%        N/A       11%         2
d - Blink                 Tloc           18%        N/A       11%         2

Your spell library contained the following spells:

 Spells                   Type           Power      Damage    Failure   Level
 Slow                     Hex            20%        N/A       12%         1
 Sting                    Tmut/Pois      20%        1d4       12%         1
 Cigotuvi's Dreadful Rot  Necr/Pois/Air  10%        N/A       17%         2
 Poisonous Vapours        Pois/Air       10%        N/A       17%         2
 Olgreb's Toxic Radiance  Pois           5%         N/A       75%         4


Dungeon Overview and Level Annotations

Branches:
Dungeon (2/15)

Altars:

Annotations:
D:2 Terence


Message History

Your Armour skill increases to level 1!
Your Conjurations skill increases to level 2!
Unknown command.
Terence seems less confused.
Terence hits your cerulean imp with a +2 mace of protection!
Your cerulean imp dies!
Your cerulean imp disappears in a puff of smoke!
Casting: Call Imp (safe; 11% risk of failure)
Confirm with . or Enter, or press ? or * to list all spells.
Aiming: Magic Dart (safe; 4% risk of failure)
Press: ? - help, Shift-Dir - straight line, f/p - Terence
Aim: Terence, wielding a +2 mace of protection and wearing a +0 scale mail (blue smoke, almost dead, unaware, hasn't noticed you, 100% to hit)
The magic dart hits Terence.
Terence is almost dead.
Terence shouts!
Casting: Magic Dart (safe; 4% risk of failure)
Confirm with . or Enter, or press ? or * to list all spells.
The spell is extremely dangerous to miscast (26% risk of failure)!
Continue anyway?
Okay, then.
Casting: Mephitic Cloud (extremely dangerous; 26% risk of failure)
Confirm with . or Enter, or press ? or * to list all spells.
The spell is extremely dangerous to miscast (26% risk of failure)!
Continue anyway?
Aiming: Mephitic Cloud (extremely dangerous; 26% risk of failure)
Press: ? - help, Shift-Dir - straight line, f/p - Terence
Aim: Terence, wielding a +2 mace of protection and wearing a +0 scale mail (almost dead, chance to affect: 91%)
You miscast Mephitic Cloud.
You are very lightly contaminated with residual magic.
Nothing appears to happen.
Casting: Mephitic Cloud (extremely dangerous; 26% risk of failure)
Confirm with . or Enter, or press ? or * to list all spells.
The spell is extremely dangerous to miscast (26% risk of failure)!
Continue anyway?
Aiming: Mephitic Cloud (extremely dangerous; 26% risk of failure)
Press: ? - help, Shift-Dir - straight line, f/p - Terence
Aim: Terence, wielding a +2 mace of protection and wearing a +0 scale mail (almost dead, chance to affect: 91%)
You miscast Mephitic Cloud.
You are blasted with magical energy.
* * * LOW HITPOINT WARNING * * *
An endoplasm comes into view.
Terence hits you with a +2 mace of protection!
Ouch! That really hurt!
You die...

########## ##.........
###################.###.#####
#$....†....@@.......# #.## #
#.###J########†####.###..## #
#!# #.# #.....#.### #.#
#.####.##.###... #.#
#..........#.### <..
######.####.## ... #.# ###
... #.# ..... #.#


You could see Terence and an endoplasm (wandering).

Vanquished Creatures
  An adder (D:2)
  A dart slug (D:1)
  3 bats
  5 endoplasms
  A giant cockroach (D:2)
  3 goblins
  A hobgoblin (D:1)
  7 jackals
  2 kobolds
  A quokka (D:2)
  3 ball pythons
  3 frilled lizards (D:1)
  4 rats
35 creatures vanquished.

Notes
Turn   | Place    | Note
-------+----------+-------------------------------------------
     0 | D:1      | pokeman the Deep Elf Hedge Wizard began the quest for the
                  | Orb.
     0 | D:1      | Reached XP level 1. HP: 10/10 MP: 7/7
   233 | D:1      | Reached XP level 2. HP: 15/15 MP: 5/9
   949 | D:1      | Reached skill level 5 in Spellcasting
  1203 | D:2      | Reached XP level 3. HP: 20/20 MP: 7/11
  1226 | D:2      | Learned a level 3 spell: Mephitic Cloud
  1229 | D:2      | Learned a level 2 spell: Call Imp
  1232 | D:2      | Learned a level 2 spell: Blink
  1649 | D:2      | Noticed Terence
  1690 | D:2      | Reached skill level 1 in Fighting
  1690 | D:2      | Reached skill level 1 in Armour
  1695 | D:2      | Slain by Terence

Illustrated notes

Levels and vault maps discovered:
D:1:      kennysheep_arrival_forest, layout_loops_ring, nicolae_eternal_life
D:2:      layout_loops_ring, uniq_terence

Skill      XL: |  1  2  3 |
---------------+----------+-----
Spellcasting   | 5 |  5.2
Fighting       | 1 |  1.0
Armour         | 1 |  1.0
Conjurations   | 2 |  2.0
Dodging        | |  2.4
Stealth        | |  2.4
Summonings     | |  1.1
Translocations | |  1.1

Action                     || total
---------------------------++-------
  Melee: Dagger            ||    10
   Cast: Magic Dart        ||    77
         Mephitic Cloud    ||     2
         Call Imp          ||     1
 Armour: Robe              ||     5
  Dodge: Dodged            ||    14

Table legend: (Time is in decaauts)
 A = Elapsed time spent in this place.
 B = Non-inter-level travel time spent in this place.
 C = Inter-level travel time spent in this place.
 D = Time resting spent in this place.
 E = Time spent auto-exploring this place.
 F = Levels seen in this place.
 G = Mean time per level.
                   A        B        C        D        E       F      G
               +--------+--------+--------+--------+--------+-----+--------+
         Total |   1693 |   1662 |     31 |      0 |   1445 |   2 |  846.5 |
       Dungeon |   1693 |   1662 |     31 |      0 |   1445 |   2 |  846.5 |
               +--------+--------+--------+--------+--------+-----+--------+

Top non-repeatable levels by time:
     D:1: 1138 daAuts
     D:2: 555 daAuts
